AoeStats
← coco13264409

Arabia

508003214Analyzed
2v2 RM · 12d ago on Sep 20, 2026· 29m 42s· 4 players
Game mode
Random Map
Map size
Medium (4 player)
Population
200
Speed
Normal
Resources
Standard
Victory
Conquest
Starting age
Dark Age
Ending age
Imperial Age
RankedLock teamsTeams togetherTeam positionsShared explorationLock speedFull tech treeHidden civsTurbo modeCheats
Victory
Defeat
🇦🇷 Tatars · Argentina
1158
+13
🇦🇷 Malians · Argentina
1116
+14
🇨🇭 Franks · Switzerland
1108
-14
🇦🇷 Inca · Argentina
1059
-13
coco13264409
10:01 Feudal Age
10:34 Double-Bit Axe
15:40 Scale Barding Armor
24:28 Castle Age
25:38 Gold Mining
28:47 Husbandry
diegoperezprofe
8:18 Loom
10:45 Feudal Age
10:49 Champi Runner
19:25 Fletching
23:01 Castle Age
22:13 Padded Archer Armor
22:14 Scale Mail Armor
23:37 Forging
23:08 Crossbowman
26:30 Champi Warrior
27:28 Elite Skirmisher
[BANDY2] Orok
1:56 Loom
10:46 Feudal Age
11:27 Double-Bit Axe
14:52 Horse Collar
17:34 Fletching
17:44 Padded Archer Armor
23:18 Wheelbarrow
27:01 Castle Age
27:25 Forging
27:10 Crossbowman
27:54 Bodkin Arrow
28:10 Forging
29:56 Ballistics
[BANDY2]EvitaMontoGalactica
7:16 Loom
9:59 Feudal Age
10:03 Man-at-Arms
15:48 Fletching
25:41 Castle Age
23:24 Horse Collar
24:32 Padded Archer Armor
25:23 Wheelbarrow
26:27 Double-Bit Axe
26:19 Crossbowman
29:16 Bodkin Arrow
Connection lost

Rejoining the realm…

Still unreachable

The connection could not be restored.

Session expired

The server has moved on; the page needs a fresh start.